[Event "4NCL Div 2 2024-25"]
[Site "England"]
[Date "2025.04.06"]
[Round "8.1"]
[White "Gallagher, Daniel GH"]
[Black "Claridge-Hansen, William"]
[Result "1-0"]
[Annotator "ChessBase"]
[ECO "B18"]
[WhiteElo "2203"]
[BlackElo "2373"]
[PlyCount "81"]
[EventDate "2024.11.23"]
[EventType "team-tourn"]
[EventCountry "ENG"]
[SourceTitle "playchess.com"]
[Source "ChessBase"]
[SourceQuality "1"]
[TimeControl "40/6000+30:3000+30"]

1. e4 c6 2. d4 d5 3. Nc3 dxe4 4. Nxe4 Bf5 5. Ng3 Bg6 6. h4 h6 7. Be3 e6 8. Bd3 Bxd3 9. Qxd3 Qa5+ 10. Bd2 Qa6 11. c4 Nf6 12. b4 b5 13. c5 Be7 14. Nf3 O-O 15. O-O Rd8 16. Rfe1 Qb7 17. Qe2 Na6 18. Rab1 Nc7 19. Rb3 Ncd5 20. Ne5 Bf8 21. Rf3 Rac8 22. Ne4 Rc7 23. Nxf6+ Nxf6 24. Qe3 Nd5 25. Qe4 f5 26. Qe2 Nf6 27. Rd3 Qc8 28. Ng6 Nd5 29. a3 Be7 30. Bf4 Nxf4 31. Nxf4 Bxh4 32. Nxe6 Re7 33. Re3 Rde8 34. Qa2 Kh8 35. d5 cxd5 36. Qxd5 f4 37. Nxf4 Rxe3 38. Rxe3 Bg5 39. Rxe8+ Qxe8 40. Qe6 Qd8 41. Nd5 1-0

[Event "4NCL Div 2 2024-25"]
[Site "England"]
[Date "2025.04.06"]
[Round "8.2"]
[White "Hobson, Kenneth"]
[Black "Hill, Alistair"]
[Result "1-0"]
[Annotator "ChessBase"]
[ECO "B10"]
[WhiteElo "2152"]
[BlackElo "2076"]
[PlyCount "97"]
[EventDate "2024.11.23"]
[EventType "team-tourn"]
[EventCountry "ENG"]
[SourceTitle "playchess.com"]
[Source "ChessBase"]
[SourceQuality "1"]
[TimeControl "40/6000+30:3000+30"]

1. e4 c6 2. Nf3 d5 3. exd5 cxd5 4. Ne5 Nc6 5. Bb5 Bd7 6. Bxc6 Bxc6 7. d4 Rc8 8. O-O e6 9. Re1 Nf6 10. c3 Be7 11. Bg5 O-O 12. Nd2 Nd7 13. Bxe7 Qxe7 14. Nxd7 Bxd7 15. a4 a5 16. Nf3 Rb8 17. Ne5 Rfc8 18. Qd2 b6 19. f4 Qd6 20. Re3 Be8 21. Qf2 f6 22. Nd3 Bg6 23. Qe2 Be4 24. Nf2 f5 25. Nd3 Rc7 26. Ne5 g6 27. h4 Rg7 28. Kf2 h6 29. Rg3 Kh7 30. Qb5 Rc8 31. Rh1 Qc7 32. Ke3 Qd8 33. Kd2 Qc7 34. Kc1 Qd8 35. Rh2 Qc7 36. Rhh3 Qd8 37. Kd2 Qc7 38. Rh1 Qd8 39. Rhh3 Qc7 40. Qe2 Rcg8 41. Rg5 Rb8 42. h5 hxg5 43. hxg6+ Kg8 44. Qh5 Kf8 45. Qh8+ Ke7 46. Qxg7+ Kd6 47. Qxc7+ Kxc7 48. Rh7+ Kd6 49. Rd7# 1-0

[Event "4NCL Div 2 2024-25"]
[Site "England"]
[Date "2025.04.06"]
[Round "8.3"]
[White "Goh, Jinghan Cameron"]
[Black "Khoury, Theo"]
[Result "1/2-1/2"]
[Annotator "ChessBase"]
[ECO "E16"]
[WhiteElo "2017"]
[BlackElo "2194"]
[PlyCount "101"]
[EventDate "2024.11.23"]
[EventType "team-tourn"]
[EventCountry "ENG"]
[SourceTitle "playchess.com"]
[Source "ChessBase"]
[SourceQuality "1"]
[TimeControl "40/6000+30:3000+30"]

1. d4 d5 2. c4 e6 3. Nf3 Nf6 4. g3 Bb4+ 5. Nbd2 O-O 6. Bg2 b6 7. O-O Bb7 8. a3 Be7 9. cxd5 exd5 10. b4 a5 11. b5 c6 12. Qa4 cxb5 13. Qxb5 Ba6 14. Qb2 b5 15. Ne5 Ra7 16. Nb3 Qb6 17. Bd2 b4 18. axb4 axb4 19. Nc5 Bxe2 20. Qxb4 Qxb4 21. Bxb4 Bxf1 22. Rxa7 Bxg2 23. Rxe7 Bh3 24. Ra7 Ng4 25. Ra8 Nxe5 26. dxe5 Nc6 27. Rxf8+ Kxf8 28. Nd3+ Ke8 29. Bd6 Bf5 30. Nc5 d4 31. f3 d3 32. Nb3 Nd4 33. Nd2 Kd7 34. g4 Be6 35. Kf2 Nc2 36. Bf8 g6 37. h3 Kc6 38. Bd6 Kd5 39. Bb8 Kd4 40. f4 Kc3 41. Ne4+ Kb2 42. Bc7 Na3 43. Nd2 Kc1 44. Ke3 Nc2+ 45. Kxd3 Nb4+ 46. Ke2 Nd5 47. Ba5 Nxf4+ 48. Kf3 Nxh3 49. Ne4 Bd5 50. Kg3 Bxe4 51. Kxh3 1/2-1/2

[Event "4NCL Div 2 2024-25"]
[Site "England"]
[Date "2025.04.06"]
[Round "8.4"]
[White "Udovenko, Daniel"]
[Black "Mihalik, Agoston"]
[Result "1-0"]
[Annotator "ChessBase"]
[ECO "D52"]
[WhiteElo "1941"]
[BlackElo "2133"]
[PlyCount "129"]
[EventDate "2024.11.23"]
[EventType "team-tourn"]
[EventCountry "ENG"]
[SourceTitle "playchess.com"]
[Source "ChessBase"]
[SourceQuality "1"]
[TimeControl "40/6000+30:3000+30"]

1. d4 Nf6 2. c4 e6 3. Nf3 d5 4. Nc3 Nbd7 5. Bg5 c6 6. e3 Qa5 7. Nd2 Bb4 8. Rc1 O-O 9. Be2 Bxc3 10. Rxc3 Qxa2 11. Qc1 Qa5 12. Ra3 Qc7 13. Bf4 Qd8 14. c5 Re8 15. O-O e5 16. dxe5 Nxe5 17. b4 a6 18. Nb3 Ng6 19. Nd4 Nxf4 20. exf4 Re4 21. Rd1 Bd7 22. Bf3 Re7 23. f5 Qc7 24. g4 Ne4 25. Bg2 Rae8 26. g5 Qd8 27. f6 Re5 28. f4 Rf5 29. Nxf5 Bxf5 30. fxg7 Qd7 31. Qa1 Qe6 32. Re3 Qg6 33. Rf1 Qxg7 34. Qxg7+ Kxg7 35. Rd1 Kg6 36. Bf1 Rb8 37. Rd4 Kh5 38. Be2+ Kg6 39. h4 Kg7 40. h5 Rg8 41. Bd3 Rb8 42. Bf1 h6 43. Bd3 hxg5 44. fxg5 Rh8 45. Bxe4 Bxe4 46. Rh3 b6 47. cxb6 Rb8 48. Ra3 Rxb6 49. Kf2 f6 50. Rg3 fxg5 51. Rxg5+ Kf6 52. Rg8 Rb7 53. Ra8 Ke5 54. Ke3 Rh7 55. Rxa6 Rh8 56. Rxc6 Rf8 57. Rxe4+ dxe4 58. Rc5+ Kd6 59. h6 Rf3+ 60. Kxe4 Rh3 61. Ra5 Rh4+ 62. Kf5 Rxb4 63. h7 Rh4 64. Kg6 Ke7 65. Rh5 1-0

[Event "4NCL Div 2 2024-25"]
[Site "England"]
[Date "2025.04.06"]
[Round "8.5"]
[White "Lee, Richard W Y"]
[Black "Zakarian, Dimitrios Levon"]
[Result "0-1"]
[Annotator "NA"]
[ECO "B42"]
[WhiteElo "2102"]
[BlackElo "1968"]
[PlyCount "66"]
[EventDate "2024.11.23"]
[EventType "team-tourn"]
[EventCountry "ENG"]
[SourceTitle "playchess.com"]
[Source "ChessBase"]
[SourceQuality "1"]
[TimeControl "40/6000+30:3000+30"]

1. e4 c5 2. Nf3 e6 3. d4 cxd4 4. Nxd4 a6 5. Bd3 Nf6 6. O-O Qc7 7. Qe2 d6 8. c4 g6 9. Nc3 Bg7 10. Rd1 O-O 11. Nf3 b6 12. Bf4 Nh5 13. Bd2 Bb7 14. Rac1 Nd7 15. Be3 Rfe8 16. Nd4 Ne5 17. Na4 Nxd3 18. Qxd3 Nf6 19. f3 Nd7 20. b3 Rad8 21. Qd2 Qb8 22. Nc3 Nf6 23. Nde2 Bc6 24. Nd4 Ba8 25. Qf2 d5 26. exd5 exd5 27. cxd5 Nxd5 28. Nxd5 Rxd5 29. Nc2 Rh5 30. h3 Be5 31. Bxb6 Bg3 32. Qd4 Rd5 33. Qb4 Rb5 0-1

[Event "4NCL Div 2 2024-25"]
[Site "England"]
[Date "2025.04.06"]
[Round "8.6"]
[White "Pozimski, Szymon"]
[Black "Starley, Robert"]
[Result "1/2-1/2"]
[Annotator "ChessBase"]
[ECO "E11"]
[WhiteElo "2003"]
[BlackElo "2036"]
[PlyCount "285"]
[EventDate "2024.11.23"]
[EventType "team-tourn"]
[EventCountry "ENG"]
[SourceTitle "playchess.com"]
[Source "ChessBase"]
[SourceQuality "1"]
[TimeControl "40/6000+30:3000+30"]

1. c4 Nf6 2. Nf3 e6 3. g3 d5 4. d4 Bb4+ 5. Bd2 a5 6. Qc2 O-O 7. Bg2 Nc6 8. O-O Ne4 9. Rc1 Nxd2 10. Nbxd2 a4 11. e3 Bd7 12. Ne1 Ra5 13. Nd3 Bd6 14. Qc3 b6 15. b4 axb3 16. Nxb3 Ra7 17. cxd5 Ne7 18. dxe6 Bxe6 19. a4 Qd7 20. a5 Bxb3 21. Qxb3 bxa5 22. Nc5 Qd8 23. Qc3 c6 24. Qc4 Qa8 25. Ne6 Rc8 26. Ng5 Rf8 27. Bxc6 Nxc6 28. Qxc6 Qd8 29. Ne4 Bb4 30. Nc5 Rc7 31. Qa4 Qc8 32. Nd3 Rc3 33. Nc5 Rxc1+ 34. Rxc1 g6 35. Nd3 Qb7 36. Ne5 Rc8 37. Rxc8+ Qxc8 38. Qb5 Qf5 39. Qe8+ Kg7 40. e4 Qxe4 41. Qxf7+ Kh6 42. Qd7 Qf5 43. Qc6 Kg7 44. Kg2 Qf6 45. Qc4 Qe7 46. h3 Bd6 47. Nf3 Bb4 48. d5 Qc5 49. Qe4 Qe7 50. Qd4+ Kg8 51. Qc4 Kg7 52. Nd4 Qe5 53. Ne6+ Kf7 54. h4 h6 55. Nf4 Qd6 56. Qd4 Qf6 57. Qa7+ Qe7 58. Qb6 Qd6 59. Qb7+ Qe7 60. Qc8 Qe8 61. Qc4 Bd6 62. Ne6 a4 63. Qc3 Bf8 64. Qc7+ Be7 65. Qf4+ Bf6 66. Qxh6 Ke7 67. Qe3 Kf7 68. Qa7+ Kg8 69. Qa6 Bb2 70. Qc4 Be5 71. Nc7 Qf7 72. Nb5 Bb2 73. Qxa4 Qxd5+ 74. Kh2 Bg7 75. Nc7 Qc5 76. Qa2+ Kh7 77. Ne6 Qb6 78. Nxg7 Kxg7 79. Qe2 Qa7 80. Qe3 Qf7 81. Qd4+ Kh7 82. Kh3 Qf5+ 83. Kg2 Qf7 84. Qe4 Kg7 85. Qf3 Qe8 86. Qf4 Qc6+ 87. Kh2 Qc5 88. Qe3 Qc7 89. Qf4 Qc5 90. Qd2 Qe7 91. Qd4+ Kh7 92. Kg2 Qb7+ 93. f3 Qa6 94. Qd7+ Kg8 95. Qd5+ Kg7 96. Qe4 Qa2+ 97. Kh3 Qa6 98. Qe7+ Kg8 99. Qe1 Qd3 100. Qe4 Qa6 101. Qc2 Qe6+ 102. g4 Kh8 103. Qd2 Qf6 104. Qe2 Qf4 105. Qe4 Qc1 106. Qe8+ Kg7 107. Qe2 Qh1+ 108. Kg3 Qg1+ 109. Qg2 Qe1+ 110. Qf2 Qe5+ 111. f4 Qc3+ 112. Kh2 Qb4 113. Qa7+ Kh6 114. Qe3 Kg7 115. Kg3 Qb1 116. Qe5+ Kg8 117. Qe3 Kg7 118. h5 gxh5 119. Qe5+ Kg8 120. Qg5+ Kf8 121. gxh5 Qg1+ 122. Kh4 Qh1+ 123. Kg4 Qg2+ 124. Kf5 Qc2+ 125. Kf6 Qc6+ 126. Ke5 Qc5+ 127. Ke4 Qc4+ 128. Ke3 Qc3+ 129. Ke2 Qc2+ 130. Ke1 Qc1+ 131. Kf2 Qd2+ 132. Kf3 Qd3+ 133. Kg2 Qe2+ 134. Kh3 Qf3+ 135. Kh4 Qh1+ 136. Kg3 Qg1+ 137. Kf3 Qf1+ 138. Kg4 Qg2+ 139. Kf5 Qc2+ 140. Kf6 Qc6+ 141. Ke5 Qc5+ 142. Kf6 Qc6+ 143. Ke5 1/2-1/2

[Event "4NCL Div 2 2024-25"]
[Site "England"]
[Date "2025.04.06"]
[Round "8.7"]
[White "Volovich, Julia"]
[Black "Hansen, Hans-Peter"]
[Result "0-1"]
[Annotator "ChessBase"]
[ECO "D35"]
[WhiteElo "1947"]
[BlackElo "2169"]
[PlyCount "130"]
[EventDate "2024.11.23"]
[EventType "team-tourn"]
[EventCountry "ENG"]
[SourceTitle "playchess.com"]
[Source "ChessBase"]
[SourceQuality "1"]
[TimeControl "40/6000+30:3000+30"]

1. d4 Nf6 2. c4 e6 3. Nc3 d5 4. cxd5 exd5 5. Bg5 Be7 6. e3 O-O 7. Bd3 Re8 8. Bxf6 Bxf6 9. Qh5 g6 10. Qxd5 Bxd4 11. Qxd8 Bxc3+ 12. bxc3 Rxd8 13. Bc4 b6 14. Nf3 Ba6 15. Bxa6 Nxa6 16. Ke2 Nc5 17. Rhd1 Ne4 18. Rxd8+ Rxd8 19. Rc1 f5 20. Rc2 Rd5 21. c4 Ra5 22. Nd4 a6 23. f3 Nc5 24. Nb3 Nxb3 25. axb3 Kf7 26. Kd3 Ra1 27. Re2 a5 28. Kc3 Rg1 29. Ra2 Ke6 30. Re2 Kd6 31. Rd2+ Kc6 32. Rc2 Kc5 33. Rd2 c6 34. Re2 Rc1+ 35. Kb2 Rh1 36. h3 Kb4 37. e4 fxe4 38. fxe4 Rd1 39. e5 Rd7 40. e6 Re7 41. Re5 a4 42. c5 a3+ 43. Ka2 b5 44. Re4+ Kxc5 45. Kxa3 Kd5 46. Rh4 c5 47. Kb2 Kxe6 48. Kc3 Kf5 49. Kd3 h5 50. g3 Rd7+ 51. Ke3 Rd1 52. Rf4+ Ke5 53. Rf8 Rb1 54. Re8+ Kf6 55. Rc8 Rxb3+ 56. Kf4 Rb4+ 57. Ke3 Rc4 58. Rc6+ Kf5 59. g4+ hxg4 60. hxg4+ Kg5 61. Kd3 Rd4+ 62. Ke3 Rb4 63. Kf3 Rb3+ 64. Ke4 c4 65. Kd4 c3 0-1

[Event "4NCL Div 2 2024-25"]
[Site "England"]
[Date "2025.04.06"]
[Round "8.8"]
[White "Brackmann, Hendrik"]
[Black "Chan, Nevil"]
[Result "1-0"]
[Annotator "NA"]
[ECO "B00"]
[WhiteElo "2040"]
[BlackElo "2011"]
[PlyCount "107"]
[EventDate "2024.11.23"]
[EventType "team-tourn"]
[EventCountry "ENG"]
[SourceTitle "playchess.com"]
[Source "ChessBase"]
[SourceQuality "1"]
[TimeControl "40/6000+30:3000+30"]

1. e4 b6 2. d4 Bb7 3. Nc3 e6 4. h4 h6 5. Nge2 g6 6. Be3 Bg7 7. Qd2 d6 8. O-O-O Nd7 9. Kb1 Ne7 10. f4 Nf6 11. Ng3 d5 12. e5 Ng4 13. h5 Nxe3 14. Qxe3 Qd7 15. Bb5 c6 16. Bd3 O-O-O 17. Nge2 Rdg8 18. g4 Kb8 19. Ng3 Bc8 20. a4 a5 21. Rh3 Ka7 22. Qe2 Bf8 23. Rf1 Qe8 24. Nd1 Bd7 25. Ne3 c5 26. dxc5 bxc5 27. Qd2 Qd8 28. Bb5 Bxb5 29. axb5 Qb6 30. c4 d4 31. Nc2 gxh5 32. gxh5 Nf5 33. Ne4 Be7 34. Ra3 Kb7 35. Rxa5 Ra8 36. Rxa8 Rxa8 37. Qg2 Kc7 38. Nxc5 Bxc5 39. Qxa8 d3 40. Na1 Ne3 41. Rg1 d2 42. Qa4 Qa7 43. Qb3 Qb7 44. Qd3 d1=Q+ 45. Rxd1 Nxd1 46. Qxd1 Qe4+ 47. Qc2 Qe1+ 48. Qc1 Qxc1+ 49. Kxc1 Be3+ 50. Kc2 Bxf4 51. b4 Bxe5 52. Nb3 Kb6 53. Kd3 Bg3 54. Nd4 1-0

[Event "4NCL Div 2 2024-25"]
[Site "England"]
[Date "2025.04.06"]
[Round "8.9"]
[White "Fava, Lorenzo"]
[Black "Gallana, Marco"]
[Result "1-0"]
[Annotator "ChessBase"]
[ECO "A16"]
[WhiteElo "2269"]
[BlackElo "2216"]
[PlyCount "67"]
[EventDate "2024.11.23"]
[EventType "team-tourn"]
[EventCountry "ENG"]
[SourceTitle "playchess.com"]
[Source "ChessBase"]
[SourceQuality "1"]
[TimeControl "40/6000+30:3000+30"]

1. c4 Nf6 2. Nc3 g6 3. Nf3 Bg7 4. e4 e5 5. Nxe5 O-O 6. Nf3 Re8 7. d3 d5 8. cxd5 Nxd5 9. Bd2 Bg4 10. Be2 Bxf3 11. gxf3 Nb4 12. Be3 N8c6 13. a3 Na6 14. h4 Nd4 15. h5 Nc5 16. Kf1 Ncb3 17. Rb1 Qd6 18. f4 Rad8 19. h6 Bf8 20. Nb5 Qd7 21. Nxd4 Nxd4 22. f3 Bc5 23. b4 Bb6 24. Qd2 Qd6 25. a4 Ne6 26. Rh4 Bxe3 27. Qxe3 f5 28. Kf2 Rf8 29. e5 Qe7 30. Rhh1 Rd4 31. Bd1 Rfd8 32. Bb3 Rxd3 33. Qc5 Kf8 34. Bxe6 1-0

[Event "4NCL Div 2 2024-25"]
[Site "England"]
[Date "2025.04.06"]
[Round "8.10"]
[White "Mazurkiewicz, Michal"]
[Black "Sterck, Arno"]
[Result "1-0"]
[Annotator "ChessBase"]
[ECO "C44"]
[WhiteElo "2259"]
[BlackElo "2251"]
[PlyCount "95"]
[EventDate "2024.11.23"]
[EventType "team-tourn"]
[EventCountry "ENG"]
[SourceTitle "playchess.com"]
[Source "ChessBase"]
[SourceQuality "1"]
[TimeControl "40/6000+30:3000+30"]

1. e4 e5 2. Nf3 Nc6 3. d3 Nf6 4. g3 d5 5. exd5 Nxd5 6. Bg2 Bg4 7. h3 Be6 8. O-O Qd7 9. Ng5 Bf5 10. g4 Bg6 11. Nc3 Nxc3 12. bxc3 h5 13. Rb1 f6 14. Ne4 hxg4 15. hxg4 Rh4 16. Ng3 Bc5 17. Rxb7 O-O-O 18. Rb5 Bb6 19. Qf3 e4 20. Nxe4 Bxe4 21. Qxe4 Rxg4 22. Qf3 Qe6 23. d4 Ne7 24. Bd2 c6 25. Re1 Qxe1+ 26. Bxe1 Rxg2+ 27. Kxg2 cxb5 28. Bd2 Nd5 29. a4 a6 30. axb5 axb5 31. Qd3 Nc7 32. Bf4 Rd5 33. Qe4 f5 34. Qf3 Rd7 35. Bxc7 Rxc7 36. Qxf5+ Kb7 37. Qxb5 Rxc3 38. Qd7+ Ka6 39. Kf1 Rc4 40. d5 Rf4 41. Qc8+ Kb5 42. Qc6+ Ka5 43. c4 Rxf2+ 44. Ke1 Rb2 45. c5 Ba7 46. Qa8 Ka6 47. Qc6+ Ka5 48. d6 1-0

[Event "4NCL Div 2 2024-25"]
[Site "England"]
[Date "2025.04.06"]
[Round "8.11"]
[White "Dunn, Maxim"]
[Black "Maciol, Ryszard"]
[Result "1-0"]
[Annotator "ChessBase"]
[ECO "E04"]
[WhiteElo "1934"]
[BlackElo "2125"]
[PlyCount "79"]
[EventDate "2024.11.23"]
[EventType "team-tourn"]
[EventCountry "ENG"]
[SourceTitle "playchess.com"]
[Source "ChessBase"]
[SourceQuality "1"]
[TimeControl "40/6000+30:3000+30"]

1. d4 e6 2. c4 Nf6 3. Nf3 d5 4. g3 dxc4 5. Bg2 a6 6. Ne5 c5 7. dxc5 Qxd1+ 8. Kxd1 Bxc5 9. Nd2 Nbd7 10. Ndxc4 Nxe5 11. Nxe5 Ke7 12. Nd3 Rd8 13. Bd2 Bd6 14. Ba5 Rd7 15. Rc1 Ke8 16. Rc2 Rb8 17. Kc1 Nd5 18. e4 Bc7 19. Nc5 Rd6 20. Bxc7 Nxc7 21. e5 Rd8 22. Ne4 Nb5 23. a4 Nd4 24. Rc7 Bd7 25. Nd6+ Kf8 26. Kb1 Bxa4 27. Rxf7+ Kg8 28. Rxb7 Bc2+ 29. Kc1 Bg6 30. b4 Rxb7 31. Bxb7 Rb8 32. Rd1 Nb5 33. Nxb5 axb5 34. Rd7 Be8 35. Rc7 Rd8 36. Rc8 Rxc8+ 37. Bxc8 Kf7 38. Kd2 Bc6 39. Ke3 Bd5 40. Kd4 1-0

[Event "4NCL Div 2 2024-25"]
[Site "England"]
[Date "2025.04.06"]
[Round "8.12"]
[White "Horton, Jamie A"]
[Black "Cole, James"]
[Result "1-0"]
[Annotator "ChessBase"]
[ECO "D85"]
[WhiteElo "2163"]
[BlackElo "1974"]
[PlyCount "77"]
[EventDate "2024.11.23"]
[EventType "team-tourn"]
[EventCountry "ENG"]
[SourceTitle "playchess.com"]
[Source "ChessBase"]
[SourceQuality "1"]
[TimeControl "40/6000+30:3000+30"]

1. d4 Nf6 2. c4 g6 3. Nc3 d5 4. cxd5 Nxd5 5. e4 Nxc3 6. bxc3 Bg7 7. Nf3 c5 8. h3 O-O 9. Be2 cxd4 10. cxd4 Nc6 11. Be3 f5 12. O-O f4 13. Bc4+ e6 14. Bc1 Nxd4 15. Ba3 Re8 16. Rc1 a6 17. Nxd4 Qxd4 18. Qf3 Bf8 19. Bxf8 Rxf8 20. Bb3 Qe5 21. Rfd1 b5 22. Rc6 Ra7 23. Rdc1 Bd7 24. R6c5 Qb8 25. Qg4 Qd6 26. h4 Kg7 27. h5 e5 28. Qg5 h6 29. Qxg6+ Qxg6 30. hxg6 Kxg6 31. Rxe5 Re8 32. Rd5 Be6 33. Rd6 Kf7 34. Rxe6 Rxe6 35. Rc6 Rae7 36. Rxa6 Kf6 37. Rxe6+ Rxe6 38. Bxe6 Kxe6 39. f3 1-0

[Event "4NCL Div 2 2024-25"]
[Site "England"]
[Date "2025.04.06"]
[Round "8.13"]
[White "Hughes, Roy"]
[Black "Serbanescu, Diana-Maria"]
[Result "1/2-1/2"]
[Annotator "NA"]
[ECO "A48"]
[WhiteElo "2008"]
[BlackElo "1992"]
[PlyCount "89"]
[EventDate "2024.11.23"]
[EventType "team-tourn"]
[EventCountry "ENG"]
[SourceTitle "playchess.com"]
[Source "ChessBase"]
[SourceQuality "1"]
[TimeControl "40/6000+30:3000+30"]

1. d4 Nf6 2. Bf4 g6 3. e3 Bg7 4. Be2 d6 5. Nf3 O-O 6. O-O Nc6 7. c4 e5 8. Bg5 h6 9. Bh4 g5 10. Bg3 Ne4 11. Nc3 Nxc3 12. bxc3 Qe7 13. Re1 f5 14. h3 f4 15. exf4 exf4 16. Bh2 Qf6 17. Nd2 Bf5 18. Bf3 Kh8 19. Ne4 Qf7 20. Qa4 Nd8 21. Rac1 Bd7 22. Qb3 a5 23. a3 Ra6 24. Qc2 Be6 25. Nd2 Bf5 26. Be4 Bxe4 27. Qxe4 Rb6 28. Rc2 Nc6 29. f3 a4 30. Kh1 Na5 31. d5 Nb3 32. Nb1 Nc5 33. Qe2 Rb3 34. Bg1 Nd7 35. Qe4 Nf6 36. Qe2 Nh5 37. Qd1 Ng3+ 38. Kh2 Nf5 39. Qc1 Re8 40. Rxe8+ Qxe8 41. Nd2 Ne3 42. Nxb3 Nxc2 43. Qxc2 axb3 44. Qxb3 b6 45. Bd4 1/2-1/2

[Event "4NCL Div 2 2024-25"]
[Site "England"]
[Date "2025.04.06"]
[Round "8.14"]
[White "Skulte, Christopher"]
[Black "Ortiz Sanchez, Luis"]
[Result "1/2-1/2"]
[Annotator "NA"]
[ECO "D00"]
[WhiteElo "2009"]
[BlackElo "1913"]
[PlyCount "151"]
[EventDate "2024.11.23"]
[EventType "team-tourn"]
[EventCountry "ENG"]
[SourceTitle "playchess.com"]
[Source "ChessBase"]
[SourceQuality "1"]
[TimeControl "40/6000+30:3000+30"]

1. d4 d5 2. Nc3 Nf6 3. Bf4 e6 4. e3 Bb4 5. Bd3 c5 6. dxc5 Bxc5 7. Nb5 Na6 8. Nf3 O-O 9. O-O Bd7 10. Ne5 Nb4 11. Be2 Bxb5 12. Bxb5 Qb6 13. Ba4 Bd6 14. Nc4 dxc4 15. Qxd6 Qa5 16. c3 Nbd5 17. Bc2 Nxf4 18. Qxf4 Qc5 19. Rfd1 Rfd8 20. Rxd8+ Rxd8 21. Rd1 Rxd1+ 22. Bxd1 e5 23. Qf5 h6 24. a4 b6 25. h4 Kf8 26. g4 Ke7 27. g5 hxg5 28. hxg5 Ne8 29. g6 Nd6 30. Qh5 f5 31. Qh4+ Ke6 32. Qh8 Kf6 33. Qh4+ Ke6 34. Qh8 Qc7 35. b3 Qe7 36. f4 exf4 37. exf4 Kd7 38. Kf1 Qf6 39. bxc4 Qxc3 40. Qg8 Qd4 41. Bf3 Qxc4+ 42. Qxc4 Nxc4 43. Ke1 Ke6 44. Bc6 Kf6 45. Ke2 Kxg6 46. Kd3 Nd6 47. Kd4 Kf6 48. Kd5 Ne4 49. Bd7 Nc5 50. Be8 g5 51. fxg5+ Kxg5 52. a5 f4 53. axb6 axb6 54. Kc6 f3 55. Kxb6 f2 56. Bb5 Ne4 57. Kc6 Kf4 58. Bf1 Nd2 59. Ba6 Ke4 60. Kc5 Ke3 61. Kd5 Ne4 62. Bf1 Nc3+ 63. Ke5 Kf3 64. Kd4 Ne2+ 65. Kd3 Ng3 66. Bh3 Nf5 67. Bf1 Ne3 68. Be2+ Kf4 69. Bf1 Nf5 70. Kd2 Kf3 71. Be2+ Kg2 72. Ba6 Kf3 73. Be2+ Kf4 74. Bf1 Ng3 75. Bg2 Nf5 76. Bf1 1/2-1/2

[Event "4NCL Div 2 2024-25"]
[Site "England"]
[Date "2025.04.06"]
[Round "8.15"]
[White "Gilmore, Simon N"]
[Black "Bryant, Harry"]
[Result "0-1"]
[Annotator "ChessBase"]
[ECO "A31"]
[WhiteElo "1959"]
[BlackElo "2128"]
[PlyCount "130"]
[EventDate "2024.11.23"]
[EventType "team-tourn"]
[EventCountry "ENG"]
[SourceTitle "playchess.com"]
[Source "ChessBase"]
[SourceQuality "1"]
[TimeControl "40/6000+30:3000+30"]

1. e4 c5 2. c4 Nc6 3. Ne2 e6 4. d4 cxd4 5. Nxd4 Qb6 6. Nb3 Nf6 7. Nc3 Bb4 8. Be3 Qd8 9. Qc2 Ng4 10. Bc5 Qg5 11. Bxb4 Nxb4 12. Qe2 O-O 13. a3 Nc6 14. f3 Nxh2 15. Qd2 Qg3+ 16. Qf2 Nxf1 17. Rxf1 Qxf2+ 18. Kxf2 Ne5 19. Nd2 b6 20. Ke3 Bb7 21. Rac1 f5 22. Rfd1 f4+ 23. Ke2 Kf7 24. Nb5 Bc6 25. Nd4 Ke7 26. b4 g5 27. Rh1 Rh8 28. Rh5 h6 29. Rch1 Nf7 30. Rc1 Kf6 31. c5 Ne5 32. Nc4 bxc5 33. Nxe5 cxd4 34. Nxc6 Rac8 35. e5+ Kg7 36. Kd3 Rxc6 37. Rxc6 dxc6 38. Rh1 Kg6 39. Rc1 Rc8 40. Rc5 a6 41. Kxd4 Kf5 42. Ra5 Rd8+ 43. Kc3 Rd1 44. Rxa6 Kxe5 45. a4 Rg1 46. Kc4 Rxg2 47. Rxc6 Rc2+ 48. Kb5 Rxc6 49. Kxc6 g4 50. b5 gxf3 51. b6 f2 52. b7 f1=Q 53. b8=Q+ Kf5 54. Qf8+ Kg4 55. Qxh6 Qc4+ 56. Kb6 Qb4+ 57. Kc7 Qc3+ 58. Kb6 Qd4+ 59. Kc7 Qe5+ 60. Kb6 f3 61. Qg6+ Kf4 62. a5 f2 63. Qh6+ Kg3 64. Qg6+ Kf3 65. Qf7+ Ke2 0-1

[Event "4NCL Div 2 2024-25"]
[Site "England"]
[Date "2025.04.06"]
[Round "8.16"]
[White "Lea, Daniel J"]
[Black "Calvert, D Ian"]
[Result "1-0"]
[Annotator "NA"]
[ECO "D94"]
[WhiteElo "2006"]
[BlackElo "1937"]
[PlyCount "63"]
[EventDate "2024.11.23"]
[EventType "team-tourn"]
[EventCountry "ENG"]
[SourceTitle "playchess.com"]
[Source "ChessBase"]
[SourceQuality "1"]
[TimeControl "40/6000+30:3000+30"]

1. d4 d5 2. c4 c6 3. Nf3 Nf6 4. e3 g6 5. Nc3 Bg7 6. Be2 O-O 7. O-O dxc4 8. Bxc4 Bg4 9. h3 Bxf3 10. Qxf3 Nbd7 11. e4 Nb6 12. Qd3 Nxc4 13. Qxc4 b5 14. Qd3 b4 15. Ne2 e5 16. Bg5 h6 17. Bxf6 Bxf6 18. f4 exd4 19. e5 Be7 20. f5 g5 21. f6 Bc5 22. e6 Qd5 23. e7 Rfe8 24. Rf5 Qd6 25. Ng3 Bb6 26. Ne4 Qe6 27. Raf1 c5 28. Qf3 c4 29. Qh5 Qxe4 30. Qxh6 d3+ 31. Kh1 Be3 32. Qg7# 1-0

[Event "4NCL Div 2 2024-25"]
[Site "England"]
[Date "2025.04.06"]
[Round "8.17"]
[White "Korshunov, Sergey And."]
[Black "Burnett, Andrew"]
[Result "1-0"]
[Annotator "ChessBase"]
[ECO "E63"]
[WhiteElo "2330"]
[BlackElo "2175"]
[PlyCount "67"]
[EventDate "2024.11.23"]
[EventType "team-tourn"]
[EventCountry "ENG"]
[SourceTitle "playchess.com"]
[Source "ChessBase"]
[SourceQuality "1"]
[TimeControl "40/6000+30:3000+30"]

1. Nf3 Nf6 2. d4 g6 3. g3 Bg7 4. Bg2 O-O 5. O-O d6 6. c4 Nc6 7. Nc3 a6 8. h3 Rb8 9. e4 Bd7 10. e5 Ne8 11. Qe2 b5 12. b3 bxc4 13. bxc4 Qc8 14. Kh2 dxe5 15. dxe5 Be6 16. Bf4 h6 17. Qe4 Rb4 18. Nd2 Na5 19. Nd5 Bxd5 20. Qxd5 c5 21. Be3 Rb2 22. Rfb1 Rc2 23. Qd3 Rxd2 24. Bxd2 Nc6 25. f4 Nd4 26. Bc3 h5 27. Rb7 h4 28. g4 Nc7 29. Qe4 Nce6 30. Rf1 g5 31. f5 Nf4 32. Rxf4 gxf4 33. Qxf4 Ne2 34. Qg5 1-0

[Event "4NCL Div 2 2024-25"]
[Site "England"]
[Date "2025.04.06"]
[Round "8.18"]
[White "Larchikov, Maksym"]
[Black "Taylor, Adam A"]
[Result "1/2-1/2"]
[Annotator "ChessBase"]
[ECO "E11"]
[WhiteElo "2050"]
[BlackElo "2258"]
[PlyCount "168"]
[EventDate "2024.11.23"]
[EventType "team-tourn"]
[EventCountry "ENG"]
[SourceTitle "playchess.com"]
[Source "ChessBase"]
[SourceQuality "1"]
[TimeControl "40/6000+30:3000+30"]

1. d4 Nf6 2. c4 e6 3. Nf3 Bb4+ 4. Bd2 a5 5. Nc3 O-O 6. e3 d5 7. Qc2 Nbd7 8. a3 Be7 9. Rc1 c6 10. Bd3 Bd6 11. O-O Qe7 12. e4 dxc4 13. Bxc4 e5 14. Be3 exd4 15. Bxd4 Ne5 16. Nxe5 Bxe5 17. Bxe5 Qxe5 18. Be2 Bg4 19. f3 Be6 20. f4 Qd4+ 21. Kh1 Rad8 22. Rcd1 Qb6 23. Rxd8 Rxd8 24. Rd1 g6 25. Rxd8+ Qxd8 26. Bf3 Qd4 27. Qe2 Bc4 28. Qe1 Kg7 29. g4 h6 30. Nd1 Bd3 31. Nf2 Bc2 32. b4 axb4 33. axb4 b6 34. Qe2 Bb3 35. f5 Nd7 36. Nd3 Bc4 37. Qb2 Qxb2 38. Nxb2 Bb5 39. Kg2 Kf6 40. Kf2 Ke5 41. Ke3 g5 42. Nd1 Nb8 43. Nc3 Na6 44. Nxb5 cxb5 45. Be2 Nxb4 46. Bxb5 Nc2+ 47. Kd3 Nd4 48. Bc4 f6 49. Ke3 Nc6 50. Bd5 Nb4 51. Bc4 Nc2+ 52. Kd3 Ne1+ 53. Ke3 Nc2+ 54. Kd3 Nd4 55. Ke3 Nc6 56. Bd5 Nb8 57. Bc4 Nd7 58. Bb5 Nc5 59. Bc6 Kd6 60. Bb5 Nb3 61. Bc4 Na5 62. Be2 Kc5 63. e5 fxe5 64. f6 Kd6 65. f7 Ke7 66. Ke4 Kxf7 67. Kxe5 Nc6+ 68. Kd5 Ne7+ 69. Ke5 Ng6+ 70. Kf5 Nf4 71. Bc4+ Ke7 72. h4 Ng2 73. hxg5 Ne3+ 74. Ke4 Nxc4 75. gxh6 Ke6 76. h7 Nd6+ 77. Kd4 Nf7 78. Kc4 Kd6 79. g5 Nh8 80. Kd4 b5 81. Ke4 Ke6 82. Kd4 Kd6 83. Ke4 b4 84. Kd4 Ke6 1/2-1/2